cohdb
Replays
Latest Replays
All Replays
Popular Replays
Top Player Replays
Match Explorer
How It Works
Community
CoH3 Stats
Reddit
Sign in to upload your games and track your stats! →
Sign in with Steam
Match 38479122
Unlisted
Match 38479122
Overview
Messages
Build Orders
End
Selects Italian Combined Arms Battlegroup
Selects Bersaglieri Squad
Bersaglieri Squad
Panzergrenadier Squad
Bersaglieri Squad
Construct Light Support Kompanie
Selects Bersaglieri Bolster
MG34 Team
Fire Support Elements
Pak 38 Anti-tank Gun Team
Bersaglieri Squad
Construct Mechanized Kompanie
Pak 38 Mechanized Group
Selects Semovente da 75/18 Assault Gun
Semovente da 75/18 Assault Gun
StuG III D Assault Gun
Selects Carro Armato M13/40 Light Tank
8 Rad Armored Car
Semovente da 75/18 Assault Gun
Bersaglieri Squad
WhopperWithCheese
RainbowDurr
LEV-Detahaven
lilsliceofporks
0
0
Comments
sign in to comment!
No comments posted yet!